 Dungeon Crawl Stone Soup version 0.21-a0-352-g5b8f553 (webtiles) character file.

336 tidbits the Bolt Thrower (level 6, 0/51 HPs)
             Began as a Gnoll Wanderer on Oct 10, 2017.
             Was an Initiate of Cheibriados.
             Slain by an ice beast (6 damage)
             ... on level 5 of the Dungeon.
             The game lasted 00:05:16 (719 turns).

tidbits the Bolt Thrower (Gnoll Wanderer)            Turns: 719, Time: 00:05:17

Health: 0/51       AC:  5    Str: 15    XL:     6   Next: 54%
Magic:  9/9        EV: 11    Int: 19    God:    Cheibriados [......]
Gold:   54         SH:  0    Dex: 14    Spells: 9/9 levels left

rFire    . . .     SeeInvis .   a - +2 hand crossbow
rCold    . . .     Gourm    .   (no shield)
rNeg     . . .     Faith    .   o - +0 ring mail
rPois    .         Spirit   .   (no helmet)
rElec    .         Reflect  .   (no cloak)
rCorr    .         Harm     .   (no gloves)
MR       .....                  (no boots)
Stlth    ++........             (no amulet)
HPRegen  0.17/turn              (no ring)
MPRegen  0.11/turn              (no ring)

@: very slow
A: distributed training, fangs 1, strong nose
a: Bend Time, Renounce Religion


You were on level 5 of the Dungeon.
You worshipped Cheibriados.
Cheibriados was noncommittal.
You were not hungry.

You visited 2 branches of the dungeon, and saw 6 of its levels.

You collected 54 gold pieces.

Inventory:

Hand Weapons
 a - a +2 hand crossbow (weapon)
 g - a +0 dagger
 j - a +0 quarterstaff
 m - a +0 trident
 u - the +3 spear "Woffaata" {vamp, rF++ MP+9, unknown}
   (You found it on level 5 of the Dungeon)

   It inflicts no extra harm, but heals its wielder when it wounds a living foe.
   It greatly protects you from fire.
   It affects your magic capacity (+9).
Missiles
 n - 38 arrows
Armour
 e - a +0 robe
 o - a +0 ring mail (worn)
Scrolls
 c - a scroll of teleportation
 h - 2 scrolls of identify {unknown}
 i - a scroll of random uselessness {unknown}
 p - a scroll of recharging {unknown}
 s - a scroll of immolation {unknown}
Potions
 d - 2 potions of curing
 l - 2 potions of resistance {unknown}
 q - 2 potions of agility {unknown}
 r - a potion of ambrosia {unknown}
Comestibles
 f - 3 bread rations
 k - 2 meat rations


   Skills:
 + Level 5.0 Fighting
 + Level 2.0 Short Blades
 + Level 2.0 Long Blades
 + Level 2.0 Axes
 + Level 2.0 Maces & Flails
 + Level 2.0 Polearms
 + Level 2.0 Staves
 + Level 2.0 Slings
 + Level 2.0 Bows
 + Level 6.8 Crossbows
 + Level 2.0 Throwing
 + Level 2.0 Armour
 + Level 2.0 Dodging
 + Level 3.1 Stealth
 + Level 2.0 Shields
 + Level 6.8 Unarmed Combat
 + Level 2.0 Spellcasting
 + Level 2.0 Conjurations
 + Level 2.0 Hexes
 + Level 2.0 Charms
 + Level 2.0 Summonings
 + Level 2.0 Necromancy
 + Level 2.0 Translocations
 + Level 2.0 Transmutations
 + Level 2.0 Fire Magic
 + Level 2.0 Ice Magic
 + Level 2.0 Air Magic
 + Level 2.0 Earth Magic
 + Level 2.0 Poison Magic
 + Level 2.0 Invocations
 + Level 3.2 Evocations


You had 9 spell levels left.
You didn't know any spells.

Dungeon Overview and Level Annotations

Branches:
Dungeon (5/15)             Temple (1/1) D:5

Altars:
Ashenzari
Cheibriados
Dithmenos
Elyvilon
Fedhas
Gozag
Hepliaklqana
Nemelex Xobeh
Okawaru
Qazlal
Trog
Uskayaw
Wu Jian
Yredelemnul
Zin
The Shining One


Innate Abilities, Weirdness & Mutations

Your experience applies equally to all skills.
You have very sharp teeth.
Your uncanny sense of smell can sniff out nearby items.


Message History

Press: ? - help, Shift-Dir - straight line, f/p - ice beast
Aim: an ice beast (lightly wounded)
You shoot a bolt. The bolt hits the iguana!
You kill the iguana!
Cheibriados thoroughly appreciates the change of pace.
Your Short Blades skill increases to level 2!
Your Long Blades skill increases to level 2!
Your Axes skill increases to level 2!
Your Maces & Flails skill increases to level 2!
Your Polearms skill increases to level 2!
Your Staves skill increases to level 2!
Your Slings skill increases to level 2!
Your Bows skill increases to level 2!
Your Throwing skill increases to level 2!
Your Armour skill increases to level 2!
Your Dodging skill increases to level 2!
Your Shields skill increases to level 2!
Your Spellcasting skill increases to level 2!
Your Conjurations skill increases to level 2!
Your Hexes skill increases to level 2!
Your Charms skill increases to level 2!
Your Summonings skill increases to level 2!
Your Necromancy skill increases to level 2!
Your Translocations skill increases to level 2!
Your Transmutations skill increases to level 2!
Your Fire Magic skill increases to level 2!
Your Ice Magic skill increases to level 2!
Your Air Magic skill increases to level 2!
Your Earth Magic skill increases to level 2!
Your Poison Magic skill increases to level 2!
Your Invocations skill increases to level 2!
Firing (i - inventory. (,) - cycle):
b - 4 bolts (quivered)
Press: ? - help, Shift-Dir - straight line, f/p - ice beast
Aim: an ice beast (lightly wounded)
You shoot a bolt. The bolt hits the ice beast.
The ice beast is moderately wounded.
The ice beast barely misses you.
Firing (i - inventory. (,) - cycle):
b - 3 bolts (quivered)
Press: ? - help, Shift-Dir - straight line, f/p - ice beast
Aim: an ice beast (moderately wounded)
You shoot a bolt. The bolt hits the ice beast!
The ice beast is heavily wounded.
The ice beast barely misses you.
The ice beast hits you but does no damage.
Firing (i - inventory. (,) - cycle):
b - 2 bolts (quivered)
Press: ? - help, Shift-Dir - straight line, f/p - ice beast
Aim: an ice beast (heavily wounded)
You shoot a bolt.
The bolt hits the ice beast but does no damage.
The ice beast is heavily wounded.
The ice beast hits you. The ice beast freezes you!
* * * LOW HITPOINT WARNING * * *
Firing (i - inventory. (,) - cycle):
b - a bolt (quivered)
Press: ? - help, Shift-Dir - straight line, f/p - ice beast
Aim: an ice beast (heavily wounded)
You shoot a bolt. The bolt hits the ice beast.
The ice beast is severely wounded.
The ice beast hits you.
* * * LOW HITPOINT WARNING * * *
The ice beast freezes you!
* * * LOW HITPOINT WARNING * * *
Throwing (i - inventory):
t - 6 tomahawks (quivered)
Press: ? - help, Shift-Dir - straight line, f/p - ice beast
Aim: an ice beast (severely wounded)
You throw a tomahawk.
The tomahawk hits the ice beast but does no damage.
The ice beast is severely wounded.
The ice beast hits you but does no damage.
Throwing (i - inventory):
t - 5 tomahawks (quivered)
Press: ? - help, Shift-Dir - straight line, f/p - ice beast
Aim: an ice beast (severely wounded)
You throw a tomahawk.
The tomahawk barely misses the ice beast.
The ice beast barely misses you.
Throwing (i - inventory):
t - 4 tomahawks (quivered)
Press: ? - help, Shift-Dir - straight line, f/p - ice beast
Aim: an ice beast (severely wounded)
You throw a tomahawk. The tomahawk hits the ice beast.
The ice beast is severely wounded.
The ice beast barely misses you.
Throwing (i - inventory):
t - 3 tomahawks (quivered)
Press: ? - help, Shift-Dir - straight line, f/p - ice beast
Aim: an ice beast (severely wounded)
You throw a tomahawk.
The tomahawk closely misses the ice beast.
The ice beast hits you but does no damage.
The ice beast barely misses you.
Throwing (i - inventory):
t - 2 tomahawks (quivered)
Press: ? - help, Shift-Dir - straight line, f/p - ice beast
Aim: an ice beast (severely wounded)
You throw a tomahawk.
The tomahawk barely misses the ice beast.
The ice beast barely misses you.
Throwing (i - inventory):
t - a tomahawk (quivered)
Press: ? - help, Shift-Dir - straight line, f/p - ice beast
Aim: an ice beast (severely wounded)
You throw a tomahawk. The tomahawk hits the ice beast.
The ice beast is almost dead.
The ice beast hits you.
* * * LOW HITPOINT WARNING * * *
The ice beast freezes you.
You die...

........# .........
........# ........#
#.....#.###
#.........##
#......##..# #......
##Y# #...... #@# .
#..(... #.## .# #.(....
#..# ... #(..... ##.#
####.# #...... #.#
#....#
##.###.######....a
...............######
######..###.....<...###
#..#####.#####....


You could see an ice beast.

Vanquished Creatures
  An ogre (D:4)
  A bullfrog zombie (D:5)
  A crimson imp (D:5)
  A hound (D:4)
  3 iguanas
  A worker ant (D:4)
  A hound zombie (D:3)
  2 adders
  An adder skeleton (D:5)
  A worm (D:3)
  A leopard gecko (D:4)
  3 orcs
  2 bats (D:1)
  2 giant cockroaches
  A goblin (D:3)
  5 hobgoblins
  A frilled lizard (D:1)
  A kobold (D:2)
  2 rats
31 creatures vanquished.

Notes
Turn   | Place    | Note
-------+----------+-------------------------------------------
     0 | D:1      | tidbits the Gnoll Wanderer began the quest for the Orb.
     0 | D:1      | tidbits set off with: a +2 hand crossbow, 24 bolts, a scroll of teleportation, a potion of curing, a +0 robe, a bread ration
     0 | D:1      | Reached XP level 1. HP: 20/20 MP: 2/2
    99 | D:2      | Reached XP level 2. HP: 26/26 MP: 3/3
   176 | D:3      | Reached XP level 3. HP: 25/31 MP: 4/4
   245 | D:2      | Found an opulent altar of Gozag.
   357 | D:4      | Reached skill level 1 in Short Blades
   357 | D:4      | Reached skill level 1 in Long Blades
   357 | D:4      | Reached skill level 1 in Axes
   357 | D:4      | Reached skill level 1 in Maces & Flails
   357 | D:4      | Reached skill level 1 in Polearms
   357 | D:4      | Reached skill level 1 in Staves
   357 | D:4      | Reached skill level 1 in Slings
   357 | D:4      | Reached skill level 1 in Bows
   357 | D:4      | Reached skill level 1 in Throwing
   357 | D:4      | Reached skill level 1 in Armour
   357 | D:4      | Reached skill level 1 in Dodging
   357 | D:4      | Reached skill level 1 in Shields
   357 | D:4      | Reached skill level 1 in Spellcasting
   357 | D:4      | Reached skill level 1 in Conjurations
   357 | D:4      | Reached skill level 1 in Hexes
   357 | D:4      | Reached skill level 1 in Charms
   357 | D:4      | Reached skill level 1 in Summonings
   357 | D:4      | Reached skill level 1 in Necromancy
   357 | D:4      | Reached skill level 1 in Translocations
   357 | D:4      | Reached skill level 1 in Transmutations
   357 | D:4      | Reached skill level 1 in Fire Magic
   357 | D:4      | Reached skill level 1 in Ice Magic
   357 | D:4      | Reached skill level 1 in Air Magic
   357 | D:4      | Reached skill level 1 in Earth Magic
   357 | D:4      | Reached skill level 1 in Poison Magic
   357 | D:4      | Reached skill level 1 in Invocations
   357 | D:4      | Reached XP level 4. HP: 38/38 MP: 4/6
   359 | D:4      | Noticed an ogre
   363 | D:4      | Killed an ogre
   363 | D:4      | Reached XP level 5. HP: 43/43 MP: 4/7
   386 | D:4      | Reached skill level 3 in Evocations
   410 | D:5      | Entered Level 5 of the Dungeon
   424 | D:5      | Found a shattered altar of Ashenzari.
   428 | D:5      | Found a basalt altar of Yredelemnul.
   450 | D:5      | Reached skill level 3 in Stealth
   450 | D:5      | Reached XP level 6. HP: 37/50 MP: 8/8
   460 | D:5      | Found a staircase to the Ecumenical Temple.
   468 | Temple   | Entered the Ecumenical Temple
   500 | Temple   | Became a worshipper of Cheibriados the Contemplative
   569 | D:4      | Found a sparkling altar of Nemelex Xobeh.
   616 | D:4      | Found a shadowy altar of Dithmenos.
   634 | D:4      | Reached skill level 5 in Fighting
   692 | D:5      | Got a polished spear
   697 | D:5      | Noticed an ice beast
   709 | D:5      | Reached skill level 2 in Short Blades
   709 | D:5      | Reached skill level 2 in Long Blades
   709 | D:5      | Reached skill level 2 in Axes
   709 | D:5      | Reached skill level 2 in Maces & Flails
   709 | D:5      | Reached skill level 2 in Polearms
   709 | D:5      | Reached skill level 2 in Staves
   709 | D:5      | Reached skill level 2 in Slings
   709 | D:5      | Reached skill level 2 in Bows
   709 | D:5      | Reached skill level 2 in Throwing
   709 | D:5      | Reached skill level 2 in Armour
   709 | D:5      | Reached skill level 2 in Dodging
   709 | D:5      | Reached skill level 2 in Shields
   709 | D:5      | Reached skill level 2 in Spellcasting
   709 | D:5      | Reached skill level 2 in Conjurations
   709 | D:5      | Reached skill level 2 in Hexes
   709 | D:5      | Reached skill level 2 in Charms
   709 | D:5      | Reached skill level 2 in Summonings
   709 | D:5      | Reached skill level 2 in Necromancy
   709 | D:5      | Reached skill level 2 in Translocations
   709 | D:5      | Reached skill level 2 in Transmutations
   709 | D:5      | Reached skill level 2 in Fire Magic
   709 | D:5      | Reached skill level 2 in Ice Magic
   709 | D:5      | Reached skill level 2 in Air Magic
   709 | D:5      | Reached skill level 2 in Earth Magic
   709 | D:5      | Reached skill level 2 in Poison Magic
   709 | D:5      | Reached skill level 2 in Invocations
   719 | D:5      | Slain by an ice beast

Vault maps used:
D:1:      dpeg_arrival_arbitrary_a
D:2:      nicolae_overflow_crystal_walls, vehumet_crystals,
          chequers_ecumenical_altar_island, minivault_19, roderic_roman_lattice
D:3:      nicolae_ru_path_of_blood
D:4:      nemelex_xobeh_ov_fountains_minmay, grunt_dithmenos_smoke, first_bread
D:5:      yredelemnul_altar_generic, kennysheep_mini, temple_statues,
          serial_shops, kennysheep_little_box
Temple:   chequers_temple_sunken

Skill      XL: |  1  2  3  4  5  6 |
---------------+-------------------+-----
Short Blades   | 1 2 |  2.0
Long Blades    | 1 2 |  2.0
Axes           | 1 2 |  2.0
Maces & Flails | 1 2 |  2.0
Polearms       | 1 2 |  2.0
Staves         | 1 2 |  2.0
Slings         | 1 2 |  2.0
Bows           | 1 2 |  2.0
Throwing       | 1 2 |  2.0
Armour         | 1 2 |  2.0
Dodging        | 1 2 |  2.0
Shields        | 1 2 |  2.0
Spellcasting   | 1 2 |  2.0
Conjurations   | 1 2 |  2.0
Hexes          | 1 2 |  2.0
Charms         | 1 2 |  2.0
Summonings     | 1 2 |  2.0
Necromancy     | 1 2 |  2.0
Translocations | 1 2 |  2.0
Transmutations | 1 2 |  2.0
Fire Magic     | 1 2 |  2.0
Ice Magic      | 1 2 |  2.0
Air Magic      | 1 2 |  2.0
Earth Magic    | 1 2 |  2.0
Poison Magic   | 1 2 |  2.0
Invocations    | 1 2 |  2.0
Evocations     | 3 |  3.2
Stealth        | 3 |  3.1
Fighting       | 5 |  5.0
Crossbows      | |  6.8
Unarmed Combat | |  6.8

Action                   |  1- 3 |  4- 6 || total
-------------------------+-------+-------++-------
Melee: Quarterstaff      |       |     2 ||     2
 Fire: Hand crossbow     |    38 |    51 ||    89
Throw: Tomahawk          |       |     6 ||     6
Armor: Robe              |     2 |       ||     2
       Ring mail         |     6 |    17 ||    23
Dodge: Dodged            |    13 |    22 ||    35

Table legend:
 A = Spawn XP
 B = Non-spawn XP
 C = Spawn XP percentage of total XP
 D = Spawn monster count
 E = Non-spawn monster count
 F = Spawn count percentage of total count
 G = Total turns spent on level
                    A         B        C        D         E        F      G
               +---------+---------+-------+---------+---------+-------+---------
         Total |       0 |     480 |   0.0 |       0 |      31 |   0.0 |   719
               +---------+---------+-------+---------+---------+-------+---------
           D:1 |       0 |       7 |   0.0 |       0 |       5 |   0.0 |    98
           D:2 |       0 |      19 |   0.0 |       0 |       5 |   0.0 |   158
           D:3 |       0 |      38 |   0.0 |       0 |       8 |   0.0 |   100
           D:4 |       0 |     282 |   0.0 |       0 |       9 |   0.0 |   210
           D:5 |       0 |     134 |   0.0 |       0 |       4 |   0.0 |   106
               +---------+---------+-------+---------+---------+-------+---------

Table legend:
 A = Turns spent in this place as a percentage of turns spent in the entire game.
 B = Non-inter-level travel turns spent in this place as a percentage of non-inter-level travel turns spent in the entire game.
 C = Inter-level travel turns spent in this place as a percentage of turns spent in this place.
 D = Turns resting spent in this place as a percentage of non-inter-level travel turns spent in this place.
 E = Turns spent auto-exploring this place as a percentage of non-inter-level travel turns spent in this place.
 F = Non-inter-level travel turns spent in this place divided by the number of levels of this place that you've seen.
                   A       B       C       D       E      F
               +-------+-------+-------+-------+-------+----------------------
         Total | 100.0 | 100.0 |   1.8 |   0.0 |   0.0 | 117.7
       Dungeon |  93.5 |  95.2 |   0.0 |   0.0 |   0.0 | 134.4
        Temple |   6.5 |   4.8 |  27.7 |   0.0 |   0.0 |  34.0
               +-------+-------+-------+-------+-------+----------------------

Table legend:
 A = Kills in this place as a percentage of kills in entire the game.
 B = Kills by you in this place as a percentage of kills by you in the entire game.
 C = Kills by friends in this place as a percentage of kills by friends in the entire game.
 D = Other kills in this place as a percentage of other kills in the entire game.
 E = Experience gained in this place as a percentage of experience gained in the entire game.
 F = Experience gained in this place divided by the number of levels of this place that you have seen.
                   A       B       C       D       E      F
               +-------+-------+-------+-------+-------+----------------------
         Total | 100.0 | 100.0 |   N/A |   N/A | 100.0 |  80.0
       Dungeon | 100.0 | 100.0 |   N/A |   N/A | 100.0 |  96.0
               +-------+-------+-------+-------+-------+----------------------

Vault maps used:
D:1:      dpeg_arrival_arbitrary_a
D:2:      nicolae_overflow_crystal_walls, vehumet_crystals,
          chequers_ecumenical_altar_island, minivault_19, roderic_roman_lattice
D:3:      nicolae_ru_path_of_blood
D:4:      nemelex_xobeh_ov_fountains_minmay, grunt_dithmenos_smoke, first_bread
D:5:      yredelemnul_altar_generic, kennysheep_mini, temple_statues,
          serial_shops, kennysheep_little_box
Temple:   chequers_temple_sunken
